AoeStats
← Dustin

Arabia

505525854Analyzed
1v1 RM · 22d ago on Sep 9, 2026· 36m 40s· 2 players
Game mode
Random Map
Map size
Tiny (2 player)
Population
200
Speed
Normal
Resources
Standard
Victory
Conquest
Starting age
Dark Age
Ending age
Imperial Age
RankedLock teamsTeams togetherTeam positionsShared explorationLock speedFull tech treeHidden civsTurbo modeCheats
Victory
Defeat
🇩🇪 Poles · Germany
1620
+19
🇦🇷 Mongols · Argentina
1675
-19
Dustin
6:29 Loom
6:32 Loom
10:27 Feudal Age
16:56 Double-Bit Axe
17:58 Horse Collar
23:55 Castle Age
22:50 Fletching
24:10 Scale Barding Armor
24:35 Forging
24:41 Bloodlines
24:22 Light Cavalry
29:43 Bow Saw
29:34 Heavy Plow
30:17 Chain Barding Armor
31:21 Husbandry
33:20 Wheelbarrow
DS_Rene Lavand
6:21 Loom
8:57 Feudal Age
9:33 Man-at-Arms
18:30 Fletching
27:13 Castle Age
27:47 Forging
27:23 Double-Bit Axe
27:30 Gold Mining
27:27 Pikeman
31:02 Husbandry
32:59 Scale Mail Armor
Connection lost

Rejoining the realm…

Still unreachable

The connection could not be restored.

Session expired

The server has moved on; the page needs a fresh start.